Cogmind - Beta 14 @@@ ROGUE MODE // 2024.11.24 @ 00:07:26 Player: WazdakkaGutsmek Result: Destroyed by KU-M3R(R) with Subdweller Machine Gun Performance ------------- Evolutions (0) 0 Regions Visited (2) 400 Robots Destroyed (14) 70 Value Destroyed (447) 447 Prototype IDs (0) 0 Alien Tech Used (0) 0 Bonus (0) 0 TOTAL SCORE: 917 Bonus ------- None Cogmind --------- Core Integrity 0/250 Matter 233/300 Energy 100/100 System Corruption 0% Temperature Cool (0) Movement Treading (160) Location -10/Subcaves Parts ------- > --- POWER (1) -------- (None) > --- PROPULSION (2) --- Improved Treads > --- UTILITY (2) ------ Medium Storage Unit > --- WEAPON (2) ------- Subdweller Laser Light Cannon > --- INVENTORY (10) --- Particle Cannon Particle Cannon Light Assault Rifle Multitool Peak State ------------ > --- POWER ------------ Ion Engine > --- PROPULSION ------- Improved Treads Improved Treads > --- UTILITY ---------- Small Storage Unit Medium Storage Unit > --- WEAPON ----------- Particle Cannon Particle Cannon > --- INVENTORY -------- Light Treads Improved Treads Improved Treads Particle Cannon Particle Cannon Light Assault Rifle Grenade Launcher [Rating: 12] Favorites ----------- Power Ion Engine Engine Ion Engine Propulsion Improved Treads Treads Improved Treads Leg Aluminum Leg Utility Medium Storage Unit Storage Medium Storage Unit Weapon Particle Cannon Energy Gun Subdweller Laser Energy Cannon Particle Cannon Ballistic Gun Light Assault Rifle Ballistic Cannon Light Cannon Launcher Grenade Launcher Build | -11 -10 -10 ------- Run | Yrd Mat Sub Slots Evolved . | . . . Power . | . . . Propulsion . | . . . Utility . | . . . Weapon . | . . . Parts Attached 20 | . 15 5 Power 2 | . 2 . Engine 2 | . 2 . Core . | . . . Reactor . | . . . Propulsion 7 | . 5 2 Treads 6 | . 4 2 Leg 1 | . 1 . Wheel . | . . . Hover . | . . . Flight . | . . . Utility 1 | . 1 . Device . | . . . Storage 1 | . 1 . Processor . | . . . Hackware . | . . . Protection . | . . . Artifact . | . . . Weapon 10 | . 7 3 Energy Gun 2 | . 1 1 Energy Cannon 4 | . 4 . Ballistic Gun 1 | . 1 . Ballistic Cannon 1 | . . 1 Launcher 2 | . 1 1 Special Weapon . | . . . Impact Weapon . | . . . Slashing Weapon . | . . . Piercing Weapon . | . . . Special Melee Weapon . | . . . Unidentified Prototypes . | . . . Parts Lost 5 | . 1 4 Power 1 | . . 1 Propulsion 1 | . . 1 Utility . | . . . Weapon 3 | . 1 2 Highest Loss Streak 2 | . 1 2 To Critical Strikes . | . . . Average Slot Usage (%) 83 | . 83 84 Engine 14 | . 14 14 Treads 24 | . 22 27 Leg 2 | . 4 . Storage 14 | . 14 14 Energy Gun 2 | . 1 4 Energy Cannon 20 | . 22 18 Ballistic Gun 1 | . 2 . Ballistic Cannon 1 | . . 4 Peak Build Rating 12 | . 12 11 Average Rating 10 | . 9 10 On Entrance 7 | 6 6 11 Naked Turns . | . . . Heaviest Build 23 | 11 23 23 Greatest Support 46 | 20 46 46 Greatest Overweight (x) 5 | . 5 . Average Overweight (x) . | . . . Largest Inventory Capacity 10 | . 10 10 Average Capacity 9 | . 9 10 Most Carried 10 | . 8 10 Average Carried 7 | . 7 8 Final Capacity 10 | 8 10 10 Final Carried 8 | 6 8 4 Class Distribution -------------------- 100% | Mutant Dominant Class ---------------- Mutant | -10/Materials Mutant | -10/Subcaves Resources | -11 -10 -10 ----------- Run | Yrd Mat Sub Matter Collected 445 | 200 177 68 Remotely . | . . . Salvage Created 484 | . 326 158 Parts 28 | . 18 10 Haulers Intercepted 1 | . 1 . Recyclers Shooed . | . . . Parts Field Recycled . | . . . Retrieved Matter . | . . . Parts Self-Destructed 4 | . . 4 Prevented . | . . . Kills | -11 -10 -10 ------- Run | Yrd Mat Sub Combat Hostiles Destroyed 11 | . 6 5 Guns 2 | . 2 . Cannons 4 | . . 4 AOE 4 | . 4 . Classes Destroyed 6 | . 4 2 Hauler 1 | . 1 . Recycler 1 | . 1 . Watcher 1 | . 1 . Swarmer 1 | . . 1 Grunt 6 | . 6 . Subdweller 4 | . . 4 Best Kill Streak 4 | . 4 1 Combat Bots Only 2 | . 2 1 Max Kills in Single Turn 2 | . 2 1 Gunslinging . | . . . Exploded 2 | . 2 . Melee . | . . . Uniques/NPCs Destroyed . | . . . Combat | -11 -10 -10 -------- Run | Yrd Mat Sub Hostile Shots Fired 137 | . 32 105 Missed 46 | . 8 38 Damage Taken 1363 | . 370 993 Core 269 | . 59 210 Absorbed by Shields . | . . . Core Remaining (%) 100 | 100 . . Volleys Fired 49 | . 21 28 Largest 2 | . 2 2 Hottest 136 | . 136 136 Shots Fired 88 | . 38 50 Gun 33 | . 25 8 Cannon 47 | . 10 37 Launcher 8 | . 3 5 Special . | . . . Kinetic 24 | . 13 11 Thermal 56 | . 22 34 Explosive 8 | . 3 5 Electromagnetic . | . . . Robot Hit Streak 9 | . 4 9 Robot Miss Streak 4 | . 4 3 Penetration Max . | . . . Secondary Targets 1 | . 1 . Max Gunslinging Chain 1 | . 1 . Shots Hit Robots 46 | . 17 29 Core Hits 28 | . 17 11 Critical Kills 1 | . . 1 Critical Parts Destroyed . | . . . Critical Strikes 2 | . 1 1 Burn 1 | . 1 . Meltdown 1 | . . 1 Melee Attacks . | . . . Impact . | . . . Slashing . | . . . Piercing . | . . . Sneak Attacks . | . . . Combat Hostiles . | . . . Follow-up Attacks . | . . . Damage Inflicted 1330 | . 636 694 Guns 237 | . 118 119 Cannons 558 | . 124 434 Explosions 535 | . 394 141 Melee . | . . . Ramming . | . . . Kinetic 223 | . 57 166 Thermal 775 | . 388 387 Explosive 332 | . 191 141 Electromagnetic . | . . . Impact . | . . . Slashing . | . . . Piercing . | . . . Highest Corruption . | . . . Average Corruption . | . . . Corruption Purged . | . . . Corruption Blocked . | . . . Overload Shots . | . . . Overflow Damage 24 | . 22 2 Projectiles 1 | . . 1 Explosions 23 | . 22 1 Melee . | . . . Knockbacks 2 | . . 2 Impact . | . . . Kinetic 2 | . . 2 Secondary . | . . . Self-Inflicted Damage 7 | . 7 . Shots 1 | . 1 . Rammed . | . . . Targets Rammed . | . . . Kicked . | . . . Crushed . | . . . Highest Temperature 258 | . 258 93 Average Temperature 80 | . 103 28 Received Heat Transfer 474 | . 186 288 Siege Activations . | . . . Robots Corrupted . | . . . Combat Hostiles . | . . . Parts Fried . | . . . Impact Corruptions . | . . . Robots Melted 1 | . . 1 Combat Hostiles 1 | . . 1 Parts Melted 4 | . 1 3 Heat Transferred 1212 | . 581 631 Parts Sabotaged . | . . . Parts Stolen . | . . . Parts Stripped . | . . . Power Chain Reactions . | . . . Alert | -11 -10 -10 ------- Run | Yrd Mat Sub Peak Influence 136 | . 136 . Initial . | . . . Average 73 | . 73 . Maximum Alert Level . | . . . Low Security (%) 100 | . 100 . Level 1 . | . . . Level 2 . | . . . Level 3 . | . . . Level 4 . | . . . Level 5 . | . . . High Security . | . . . Max Security . | . . . Squads Dispatched . | . . . Investigation . | . . . Extermination . | . . . Reinforcement . | . . . Assault . | . . . Garrison . | . . . Intercept . | . . . Searches Triggered . | . . . Construction Impeded . | . . . Haulers Reinforced . | . . . Active Scanning Responses . | . . . Cargo Convoy Interrupts . | . . . Stealth | -11 -10 -10 --------- Run | Yrd Mat Sub Distress Signals 1 | . 1 . Communications Jammed . | . . . Distress Signals . | . . . Times Spotted 26 | . 10 16 Peak Tracking Total 8 | . 5 8 Tactical Retreats 5 | . . 5 Traps | -11 -10 -10 ------- Run | Yrd Mat Sub Traps Triggered 5 | . 5 . Indirectly . | . . . Trap Hack Attempts . | . . . Triggered . | . . . Disarmed . | . . . Reprogrammed . | . . . Reused . | . . . Traps Extracted . | . . . Installed . | . . . Triggered . | . . . Machines | -11 -10 -10 ---------- Run | Yrd Mat Sub Machines Disabled 3 | . 1 2 Max in Single Turn 1 | . 1 1 Machines Repaired . | . . . Machines Dismantled . | . . . Machines Sabotaged . | . . . Overloaded Fab Kills . | . . . Hacking | -11 -10 -10 --------- Run | Yrd Mat Sub Machines Accessed 5 | . 5 . Terminals 5 | . 5 . Fabricators . | . . . Repair Stations . | . . . Recycling Units . | . . . Scanalyzers . | . . . Garrison Access . | . . . Total Hacks 8 | . 8 . Successful 6 | . 6 . Failed 2 | . 2 . Catastrophic . | . . . Database Lockouts . | . . . Manual 8 | . 8 . Terminals 8 | . 8 . Fabricators . | . . . Repair Stations . | . . . Recycling Units . | . . . Scanalyzers . | . . . Garrison Access . | . . . Terminal Hacks . | . . . Fabricator Hacks . | . . . Repair Station Hacks . | . . . Recycling Unit Hacks . | . . . Scanalyzer . | . . . Garrison Access Hacks . | . . . Unauthorized Hacks 6 | . 6 . Terminals 6 | . 6 . Botnet 1 | . 1 . Skim 5 | . 5 . Fabricators . | . . . Repair Stations . | . . . Recycling Units . | . . . Scanalyzers . | . . . Garrison Access . | . . . Data Cores Recovered . | . . . Used . | . . . Hacking Detections 2 | . 2 . Full Trace Events . | . . . Feedback Events . | . . . Feedback Blocked . | . . . Robot Schematics Acquired . | . . . Robots Built . | . . . Authchips . | . . . Time . | . . . Total Robot Build Rating . | . . . Part Schematics Acquired . | . . . Parts Built . | . . . Authchips . | . . . Time . | . . . Total Part Build Rating . | . . . Parts Repaired . | . . . Time . | . . . Parts Recycled . | . . . Recycled Matter . | . . . Retrieved Matter . | . . . Retrieved Components . | . . . Parts Scanalyzed . | . . . Part Schematics Acquired . | . . . Parts Damaged . | . . . Bothacking | -11 -10 -10 ------------ Run | Yrd Mat Sub Used RIF Installer . | . . . Robots Hacked . | . . . Non-combat . | . . . Combat . | . . . Robot Hacks Applied . | . . . Relay Couplers Released . | . . . Fabnet Peak Effective % . | . . . Robots Rewired . | . . . Allies Hacked . | . . . Hacks Repelled . | . . . Allies | -11 -10 -10 -------- Run | Yrd Mat Sub Total Allies . | . . . Largest Group . | . . . Highest-Rated Group . | . . . Highest-Rated Ally . | . . . Total Orders . | . . . Ally Attacks . | . . . Total Damage . | . . . Kills . | . . . Allies Corrupted . | . . . Allies Melted . | . . . Intel | -11 -10 -10 ------- Run | Yrd Mat Sub Robot Analysis Total . | . . . Derelict Logs Recovered . | . . . Drone Launches . | . . . Drone Recoveries . | . . . Exploration | -11 -10 -10 ------------- Run | Yrd Mat Sub Turns Passed 1604 | . 919 685 Spaces Moved 747 | 1 385 361 Core 1 | . 1 . Treads 651 | . 290 361 Legs 95 | 1 94 . Wheels . | . . . Hover . | . . . Flight . | . . . Fastest Speed 120 | 120 120 160 Average Speed 155 | 120 150 160 Slowest Speed 300 | 120 300 160 Overloaded Moves . | . . . Propulsion Burnouts . | . . . Robots Hopped . | . . . Cave-ins Triggered . | . . . Exploration Rate (%) 33 | 2 72 26 Regions Visited 2 Branch Regions 1 Pre-discovered Areas . | . . . Known Exits Taken . | . . . Unknown Exits Taken 2 | 1 1 . Scrap Searched . | . . . Spaces Dug . | . . . Terrain Destroyed 38 | . 36 2 Melee . | . . . Projectile . | . . . AOE 38 | . 36 2 Terrain Rammed . | . . . Walls Destroyed . | . . . Machines Disabled . | . . . Actions | -11 -10 -10 --------- Run | Yrd Mat Sub Total 1107 | . 687 420 Wait 272 | . 252 20 Move 745 | . 384 361 Hop . | . . . Pick Up 8 | . 6 2 Fast Attach 10 | . 10 . Attach 6 | . 2 4 Detach 3 | . 3 . Swap 4 | . 3 1 Drop 10 | . 6 4 Fire 49 | . 21 28 Melee . | . . . Ram . | . . . Kick . | . . . Crush . | . . . Escape Stasis . | . . . Rewire . | . . . Trap . | . . . Miscellaneous . | . . . Route ------- -11/Scrapyard -10/Materials (discovered 5 exits: *Mat x3 / Min / [*Sub]) -10/Subcaves (discovered 1 exit: *Rec) History --------- Turn | Location | Event 1 | -11/Scrapyard | Discovered new exit (range 0) 1 | -11/Scrapyard | Entered Materials 91 | -10/Materials | Discovered new exit (range 16) 316 | -10/Materials | Build established: Mutant 441 | -10/Materials | Learned Storage stockpile data 509 | -10/Materials | Identified exit to Materials 526 | -10/Materials | Discovered exit to Materials (range 16) 567 | -10/Materials | Learned 2 Mines zone layouts 617 | -10/Materials | Loaded intel: 11 interactive machine locations 658 | -10/Materials | Learned 2 Storage zone layouts 709 | -10/Materials | Identified exit to Mines 768 | -10/Materials | Learned Storage stockpile data 898 | -10/Materials | Discovered new exit (range 6) 920 | -10/Materials | Entered Subcaves 921 | -10/Subcaves | Identified exit to Recycling 924 | -10/Subcaves | Shifting Twisted Machinery released Multitool 925 | -10/Subcaves | Shifting Twisted Machinery released Sub. Laser 1348 | -10/Subcaves | Core integrity fell below 50% 1525 | -10/Subcaves | Disturbed a concealed Subdweller 1587 | -10/Subcaves | Ambushed by Subdweller buried in earth 1595 | -10/Subcaves | Core integrity fell below 20% 1605 | -10/Subcaves | Destroyed by KU-M3R(R) with Subdweller Machine Gun Last Messages --------------- 01357_ Destroyed Autobeam. 01363_ Acquired 15 matter. 01370_ Grenade Launcher destroyed. 01381_ The unstable cave ceiling collapses. 01382_ Particle Cannon destroyed. 01393_ Dropped Imp. Treads. 01396_ Dropped Lgt. Treads. 01397_ Dropped Particle Cannon. 01525_ V3-0Z9(R) angrily emerges from the Twisted Machinery. 01528_ V3-0Z9(R) knocked back. 01534_ V3-0Z9(R) destroyed. 01541_ Acquired 5 matter. 01545_ Acquired 37 matter. 01588_ 43-029(R): "NOSTUCKSUB!" 01589_ N6-S1Z(R) suffers critical hit (Destroy). 01590_ 43-029(R) knocked back. 01597_ Imp. Treads destroyed. 01599_ 43-029(R) destroyed. 01601_ Ion Engine destroyed. Map ----- +----------------------------------------------------+ | ?????????????????????????????????????????????????? | | ?????????????????????????????????????????????????? | | ?????????????????????????????????????????????????? | | ?????????????????????????????????????????????????? | | ?????????????????????????????????????????????????? | | ?????????????????????????????????????????????????? | | ?????????????????????????????????????????????????? | | ?????????????????????????????????????????????????? | | ????????????????????????????????"""??????????????? | | ???????????????????????????????? "??????????????? | | ???????????????????????????????" "??????????????? | | ???????????????????????????????" ""???"??????????? | | ?????????????????????????????##"R " "????????? | | ?????????????????????????????#" """ """????????? | | ?????????????????????????????# """ ""????????? | | ???????????????????????????### """ ""????????? | | ???????????????????????????";; ""????????? | | ??????????????????????????## """???????? | | ???????????????????????#### #??????????? | | ?????????????##????????# ###????????? | | ?????????????#"????????# #????????? | | ?????????????#&##????### ; #?????????? | | ??????###????# ##???#;; ;# #??????????? | | ??????# ???##="#####; ;# #??????????? | | ?????# ??## ## ##; ; ???????? | | ??????# ??#< < @ ; ?????? | | ???????# ?# ;# ??????? | | ????????# ## ###; %! ;#?? ???????? | | ?????????# &%& ## ?? ????????? | | #????????## [ %#?? ##???????????? | | ##????????# ## # ####??? #????????????? | | "#????????## #########??????? #???????????? | | "#?????????## #???????????????? ??????????? | | "#??????????# ##????????????????? ??????????? | | ######?????### ##?????????????????????????????? | | ### ##??????## ##?????????????????????????????? | | ## ##?????## #?????????????????????????????? | | ## #?????# ##?????????????????????????????? | | " ###= #?????## ##????????????????????????????? | | ##%*#??????# #????????????????????????????? | | ##### %##????## ##????????????????????????????? | | #?##""" ##??## #?????????????????????????????? | | ?## #### ##?????????????????????????????? | | ?# ## #??????????????????????????????? | | ?# " "" ## ##?????????????????????????????? | | ##& """ ## #?????????????????????????????? | | %&## #?????????????????????????????? | | = ### ##?????????????????????????????? | | ##?# ####??????????????????????????????? | | ##??# #?????????????????????????????????? | +----------------------------------------------------+ Best States ------------- Heat Dissipation 25 Energy Generation 10 Energy Capacity 250 Matter Stores 300 Matter Capacity 300 Sight Range 16 Terrain Scan Density 10 Evasion (%) 55 Recoil Reduction 2 Item Schematics ----------------- None Robot Schematics ------------------ None Fabricated ------------ Nothing Alien Tech Used ----------------- None Achievements -------------- None Challenges ------------ None Game ------ Seed FocalCombatSheargun Manual? 0 Play Time 00:11:03 Cumulative 144.1 hours Start 2024.11.23 @ 23:59:51 End 2024.11.24 @ 00:07:26 Sessions 1 Manual Loads 0 Difficulty Rogue Special Mode None Game No. 126 Rogue 107 Adventurer 16 Explorer 3 Win Type - Total 10 Types 8/0/1/1/0/0/0/0/0 Lore% 30 Gallery% 67 Achievement% 59 Wizard Run 0 Options --------- Layout 2 ASCII 0 Keyboard 0 Movement Numpad Keybinds 1 Fullscreen 1 Font 24/Terminus Map View 50x44 Zoom Use 0% Tactical HUD 1 Map Filters NONE Filters NONE Steam 1 RUN: 49ac27e1-28b7-4b05-95f1-f3d865b48d1d